 Dungeon Crawl Stone Soup version 0.31-a0-229-g1fc7ce93e2 (webtiles) character file.

Game seed: 11563472854692949732

1975 qw the Skirmisher (level 9, -1/55 HPs)
             Began as a Gargoyle Hexslinger on July 6, 2023.
             Slain by an orc
             ... wielding a +0 club
              (3 damage)
             ... on level 7 of the Dungeon.
             The game lasted 00:02:23 (5793 turns).

qw the Skirmisher (Gargoyle Hexslinger)             Turns: 5793, Time: 00:02:24

Health: -1/55      AC: 10    Str: 13    XL:     9   Next: 20%
Magic:  10/10      EV: 14    Int: 11    God:
Gold:   57         SH:  0    Dex: 22    Spells: 9/10 levels left

rFire   + + .        Y - +3 sling (freeze)
rCold   + . .        (no shield)
rNeg    + . .        s - +1 robe {Will+}
rPois   inf          b - +0 helmet
rElec   +            l - scarf {rC+ rF+}
rCorr   .            (no gloves)
SInv    .            (no boots)
Will    +....        (no amulet)
Stlth   ++           k - ring of protection from fire
HPRegen 0.29/turn    f - +6 ring of dexterity
MPRegen 0.12/turn

%: no passive effects
@: flying
A: sickness immunity, AC +6, negative energy resistance 1, electricity
resistance, torment resistance 1, petrification resistance, big wings, dopey 1,
MP-powered wands
a: no special abilities


You were on level 7 of the Dungeon.
You visited 1 branch of the dungeon, and saw 7 of its levels.

You collected 217 gold pieces.
You spent 160 gold pieces at shops.


Innate Abilities, Weirdness & Mutations

You are immune to sickness and miasma.
Your stone body is resilient. (AC +6)
You are immune to poison.
You resist negative energy. (rN+)
You are resistant to electric shocks. (rElec)
You are resistant to unholy torment.
You are immune to petrification.
Your large and strong wings let you fly.
You are dopey. (Int -2)
You expend magic power (3 MP) to strengthen your wands.


   Skills:
 - Level 6.1 Fighting
 + Level 9.8 Ranged Weapons
 - Level 1.9 Armour
 - Level 3.0 Dodging
 - Level 1.0 Spellcasting
 - Level 2.6 Hexes


You had 9 spell levels left.
You knew the following spells:

 Your Spells              Type           Power      Damage    Failure   Level
a - Slow                  Hex            24%        N/A       11%         1

Your spell library contained the following spells:

 Spells                   Type           Power      Damage    Failure   Level
 Inner Flame              Hex/Fire       3%         N/A       50%         3
 Portal Projectile        Hex/Tloc       6%         N/A       50%         3
 Cause Fear               Hex            3%         N/A       71%         4

Inventory:

Hand Weapons
 Y - a +3 sling of freezing (weapon)
Armour
 b - a +0 helmet (worn)
 j - a +0 ring mail
 l - a scarf of resistance (worn)
 n - a +0 leather armour of cold resistance
 s - a +1 robe of willpower (worn)
Jewellery
 f - a +6 ring of dexterity (right hand)
 k - a ring of protection from fire (left hand)
Scrolls
 r - 2 scrolls of identify
Potions
 a - a potion of degeneration {unknown}
 c - a potion of cancellation {unknown}
 d - 2 potions of curing
 e - a potion of lignification {unknown}
 g - 2 potions of mutation
 h - a potion of attraction {unknown}
 i - a potion of brilliance {unknown}
 m - a potion of resistance {unknown}
 u - 2 potions of might

Dungeon Overview and Level Annotations

Branches:
Dungeon (7/15)
 Temple: D:4-7

Altars:
Ashenzari
Cheibriados
Nemelex Xobeh
Trog

Shops:
D:1 [   D:5 !


Message History

The killer bee is moderately wounded.
The killer bee completely misses you.
The killer bee stings you but does no damage.
The orc closely misses you. The orc barely misses you.
The killer bee misses you. The killer bee barely misses you.
You shoot a sling bullet.
The sling bullet barely misses the killer bee.
The killer bee completely misses you. The killer bee misses you.
The orc barely misses you. The orc hits you with a +0 mace.
The killer bee completely misses you. The killer bee misses you.
You shoot a sling bullet. The sling bullet misses the killer bee.
The killer bee barely misses you. The killer bee stings you.
The orc barely misses you. The orc hits you but does no damage.
The killer bee stings you. The killer bee closely misses you.
You shoot a sling bullet.
The sling bullet barely misses the killer bee.
You hear a shout!
The killer bee stings you.
The killer bee stings you but does no damage.
The orc barely misses you. The orc hits you but does no damage.
You shoot a sling bullet.
The sling bullet closely misses the killer bee.
The killer bee barely misses you. The killer bee closely misses you.
The killer bee barely misses you. x2; The orc hits you but does no damage.
The orc hits you with a +0 mace.
You shoot a sling bullet.
The sling bullet closely misses the killer bee.
The killer bee stings you but does no damage.
The killer bee stings you.
The killer bee stings you but does no damage.
The killer bee closely misses you.
An orc comes into view. It is wielding a +0 dagger.
The orc misses you. The orc barely misses you.
You shoot a sling bullet. The sling bullet hits the killer bee!
The sling bullet freezes the killer bee.
The killer bee is severely wounded.
The killer bee barely misses you. x2
The killer bee stings you but does no damage.
The killer bee barely misses you. The orc hits you with a +0 club.
You die...

# ... # .. #######
####+#. ).....# #.....#
......# #.....# ......#
#....o# ......# #...oo#
[)....######..oy@#
##'####.#.....#y##
#.......#.....#o.y.....
#.......#.....#..y.....
#.......#.....#........
#.......#.....#####..##
##.###..##+##.....#..#
##.###..##..#.....# ..#
............'%....# .#


You could see 2 killer bees and 5 orcs.

Vanquished Creatures
  Sigmund (D:4)
  Eustachio (D:4)
  Edmund (D:4)
  A sky beast (D:6)
  Pargi (D:3)
  An ogre (D:6)
  A phantom (D:5)
  Blork the orc (D:5)
  2 scorpions
  5 wights (D:6)
  3 killer bees (D:7)
  2 hounds
  An orc priest (D:7)
  A jelly (D:6)
  4 iguanas
  2 gnoll boudas
  An orc wizard (D:7)
  Terence (D:2)
  16 gnolls
  6 adders
  2 shadow imps
  A white imp (D:6)
  4 worms
  6 dart slugs
  6 orcs
  6 endoplasms
  4 giant cockroaches
  2 goblins
  4 hobgoblins
  5 jackals
  3 kobolds
  9 ball pythons
  4 bats
  4 frilled lizards
  8 rats
120 creatures vanquished.

Notes
Turn   | Place    | Note
-------+----------+-------------------------------------------
     0 | D:1      | qw the Gargoyle Hexslinger began the quest for the Orb.
     0 | D:1      | Reached XP level 1. HP: 12/12 MP: 2/2
     0 | D:1      | 0 ||| qw: Version: 0.3-a-46-gb1f654a
     0 | D:1      | 0 ||| qw: Game counter: 1226
     0 | D:1      | 0 ||| qw: Melee chars always use a shield: true
     0 | D:1      | 0 ||| qw: God list: Okawaru
     0 | D:1      | 0 ||| qw: Allow faded altars: false
     0 | D:1      | 0 ||| qw: Do Orc after clearing Dungeon:15 true
     0 | D:1      | 0 ||| qw: Do second Lair branch before Depths: true
     0 | D:1      | 0 ||| qw: Lair rune preference: random
     0 | D:1      | 0 ||| qw: Goals: Normal
     0 | D:1      | 0 ||| PLANNING D:1-11
    54 | D:1      | Reached skill level 3 in Ranged Weapons
    54 | D:1      | Reached XP level 2. HP: 16/16 MP: 3/3
    86 | D:1      | Found Fythran's Armour Boutique.
    97 | D:1      | 97 ||| SHOPLISTING +0 acid dragon scales of Quper {rF-
                  | rCorr Str+5 Dex+3} (795 gold, have 30).
    97 | D:1      | 97 ||| BUYING +0 leather armour (28 gold).
    97 | D:1      | Bought a +0 leather armour for 28 gold pieces
    97 | D:1      | 97 ||| SHOPLISTING +0 pair of boots (63 gold, have 2).
    97 | D:1      | 97 ||| SHOPLISTING +0 ring mail (56 gold, have 2).
   242 | D:1      | Reached XP level 3. HP: 21/21 MP: 4/4
   582 | D:1      | 582 ||| UPGRADING to +0 leather armour.
   592 | D:1      | 592 ||| DROPPING +0 robe.
   593 | D:1      | 593 ||| UPGRADING to +0 ring mail.
   603 | D:1      | 603 ||| DROPPING +0 leather armour.
   604 | D:1      | 604 ||| UPGRADING to ring of protection from fire.
   605 | D:1      | 605 ||| READING 2 scrolls labelled LICOTU LILUA.
   606 | D:1      | 606 ||| READING scroll of enchant weapon.
   606 | D:1      | 606 ||| ENCHANTING +2 sling.
   607 | D:1      | 607 ||| READING scroll labelled VEUGIMPI VOSTRE.
   608 | D:1      | 608 ||| DRINKING 2 amethyst potions.
   609 | D:1      | 609 ||| DROPPING scroll of poison.
   610 | D:1      | 610 ||| DROPPING potion of magic.
   789 | D:2      | Reached XP level 4. HP: 26/26 MP: 5/5
   989 | D:2      | Reached skill level 4 in Ranged Weapons
  1140 | D:2      | Noticed Terence
  1148 | D:2      | Killed Terence
  1149 | D:2      | Reached skill level 1 in Armour
  1372 | D:2      | Found a faded altar of an unknown god.
  1566 | D:2      | 1566 ||| UPGRADING to +0 helmet.
  1571 | D:2      | 1571 ||| UPGRADING to +6 ring of dexterity.
  1572 | D:2      | 1572 ||| READING scroll labelled HUARIRCH ZEBUU.
  1610 | D:3      | Noticed Pargi
  1636 | D:3      | Killed Pargi
  1637 | D:3      | Reached skill level 5 in Ranged Weapons
  1637 | D:3      | Reached XP level 5. HP: 18/30 MP: 6/6
  1896 | D:3      | Reached XP level 6. HP: 36/36 MP: 7/7
  2009 | D:3      | Found a bloodstained altar of Trog.
  2054 | D:3      | Found a broken altar of Ashenzari.
  2137 | D:3      | 2137 ||| DROPPING +6 ring of intelligence.
  2138 | D:3      | 2138 ||| READING scroll labelled GOREFIXZYTT.
  2169 | D:4      | 2169 ||| PLANNING SEWER
  2171 | D:4      | Noticed Sigmund
  2183 | D:4      | Killed Sigmund
  2222 | D:4      | 2222 ||| FLEEEEING.
  2223 | D:4      | 2223 ||| FLEEEEING.
  2225 | D:4      | 2225 ||| FLEEEEING.
  2226 | D:4      | 2226 ||| FLEEEEING.
  2227 | D:4      | 2227 ||| FLEEEEING.
  2228 | D:4      | 2228 ||| FLEEEEING.
  2229 | D:4      | 2229 ||| FLEEEEING.
  2230 | D:4      | 2230 ||| STAIRDANCE
  2264 | D:4      | 2264 ||| STAIRDANCE
  2372 | D:4      | 2372 ||| STAIRDANCE
  2418 | D:4      | Reached XP level 7. HP: 44/44 MP: 8/8
  2422 | D:4      | 2422 ||| STAIRDANCE
  2785 | D:4      | Noticed Eustachio
  2802 | D:4      | Killed Eustachio
  2803 | D:4      | Reached skill level 6 in Ranged Weapons
  2836 | D:4      | 2836 ||| RIP SEWER
  2870 | D:4      | 2870 ||| PLANNING D:1-11
  2894 | D:4      | 2894 ||| UPGRADING to scarf of resistance.
  2899 | D:4      | 2899 ||| UPGRADING to +0 leather armour of cold resistance.
  2909 | D:4      | 2909 ||| READING scroll labelled FIOLYTRY YRUSAD.
  2910 | D:4      | 2910 ||| DRINKING 2 dark potions.
  2911 | D:4      | 2911 ||| DRINKING 2 fuming puce potions.
  2911 | D:4      | Gained mutation: You are dopey. (Int -2) [potion of
                  | mutation]
  2911 | D:4      | Gained mutation: Your large and strong wings let you fly.
                  | [potion of mutation]
  2911 | D:4      | Gained mutation: You expend magic power (3 MP) to
                  | strengthen your wands. [potion of mutation]
  2931 | D:4      | 2931 ||| STAIRDANCE
  2935 | D:4      | 2935 ||| STAIRDANCE
  2939 | D:4      | 2939 ||| STAIRDANCE
  2943 | D:4      | 2943 ||| STAIRDANCE
  2947 | D:4      | 2947 ||| STAIRDANCE
  2951 | D:4      | 2951 ||| STAIRDANCE
  2955 | D:4      | 2955 ||| STAIRDANCE
  2959 | D:4      | 2959 ||| STAIRDANCE
  2963 | D:4      | 2963 ||| STAIRDANCE
  2967 | D:4      | 2967 ||| STAIRDANCE
  2971 | D:4      | 2971 ||| STAIRDANCE
  2975 | D:4      | 2975 ||| STAIRDANCE
  2979 | D:4      | 2979 ||| STAIRDANCE
  2983 | D:4      | 2983 ||| STAIRDANCE
  2987 | D:4      | 2987 ||| STAIRDANCE
  2991 | D:4      | 2991 ||| STAIRDANCE
  3111 | D:3      | Found a snail-covered altar of Cheibriados.
  3214 | D:4      | Noticed Edmund
  3242 | D:4      | Killed Edmund
  3416 | D:5      | Entered Level 5 of the Dungeon
  3502 | D:5      | Reached skill level 7 in Ranged Weapons
  3502 | D:5      | Reached XP level 8. HP: 48/48 MP: 9/9
  3776 | D:5      | HP: 12/48 [gnoll/+0 spear (1)]
  3778 | D:5      | Reached skill level 8 in Ranged Weapons
  3779 | D:5      | HP: 3/48 [gnoll/+0 spear (4)]
  3783 | D:5      | HP: 1/48 [gnoll/+0 spear (2)]
  4087 | D:5      | Noticed Blork the orc
  4097 | D:5      | Killed Blork the orc
  4218 | D:5      | Found Hylosuo's Distillery.
  4225 | D:5      | 4225 ||| BUYING potion of curing (33 gold).
  4225 | D:5      | Bought a potion of curing for 33 gold pieces
  4225 | D:5      | 4225 ||| BUYING potion of heal wounds (55 gold).
  4225 | D:5      | Bought a potion of heal wounds for 55 gold pieces
  4225 | D:5      | 4225 ||| BUYING potion of might (44 gold).
  4225 | D:5      | Bought a potion of might for 44 gold pieces
  4225 | D:5      | 4225 ||| SHOPLISTING potion of mutation (88 gold, have 25).
  4433 | D:5      | 4433 ||| UPGRADING to +1 robe of willpower.
  4443 | D:5      | 4443 ||| READING scroll labelled SYIPSE OGOILO.
  4444 | D:5      | 4444 ||| READING scroll labelled VIAPICK KIWABB.
  4445 | D:5      | 4445 ||| READING scroll labelled QUNISAUREL.
  4446 | D:5      | 4446 ||| READING scroll labelled SEXZOAB KORCHU.
  4472 | D:6      | Found a sparkling altar of Nemelex Xobeh.
  4726 | D:6      | HP: 12/49 [wight/+6 great sword (13)]
  4727 | D:6      | 4727 ||| DRINKING potion of heal wounds.
  4729 | D:6      | HP: 4/49 [wight/+6 great sword (15)]
  4738 | D:6      | 4738 ||| FLEEEEING.
  4904 | D:6      | 4904 ||| FLEEEEING.
  4905 | D:6      | 4905 ||| FLEEEEING.
  4906 | D:6      | 4906 ||| FLEEEEING.
  4907 | D:6      | 4907 ||| FLEEEEING.
  4908 | D:6      | 4908 ||| FLEEEEING.
  4909 | D:6      | 4909 ||| FLEEEEING.
  4910 | D:6      | 4910 ||| FLEEEEING.
  4911 | D:6      | 4911 ||| FLEEEEING.
  4912 | D:6      | 4912 ||| FLEEEEING.
  4913 | D:6      | 4913 ||| FLEEEEING.
  4914 | D:6      | 4914 ||| FLEEEEING.
  4918 | D:6      | Reached skill level 9 in Ranged Weapons
  5043 | D:6      | Reached skill level 3 in Dodging
  5079 | D:6      | 5079 ||| FLEEEEING.
  5080 | D:6      | 5080 ||| FLEEEEING.
  5327 | D:6      | Reached skill level 6 in Fighting
  5483 | D:6      | Reached XP level 9. HP: 50/55 MP: 10/10
  5588 | D:6      | 5588 ||| READING scroll labelled UCHUAT EP ZOJ.
  5626 | D:6      | 5626 ||| READING scroll labelled LEET ZAXZITSA.
  5663 | D:7      | 5663 ||| FLEEEEING.
  5670 | D:7      | 5670 ||| STAIRDANCE
  5770 | D:7      | 5770 ||| Stepping ~*~*~tactically~*~*~ (outnumbered).
  5788 | D:7      | HP: 11/55 [orc/+0 mace (4)]
  5790 | D:7      | HP: 5/55 [killer bee (4)]
  5792 | D:7      | HP: 2/55 [killer bee (2)]
  5793 | D:7      | Slain by an orc

Levels and vault maps discovered:
D:1:      lightli_arrival_statuegarden, layout_basic, serial_shops, shop
D:2:      layout_basic, dreamdust_ecumenical_altar_hidden_monk_grotto,
          corexii_corridor_pit, minmay_liquid_box, uniq_terence
D:3:      layout_rooms, mainiacjoe_overflow_boulevard,
          nicolae_overflow_hidden_temple, uniq_pargi
D:4:      layout_basic, cheibrodos_sewer_entry_bend, grunt_decor_cap,
          uniq_sigmund, uniq_edmund, uniq_eustachio
D:5:      layout_loops_ring, serial_shops, shop, chequers_jeans,
          nicolae_letterblocks [nicolae_letter_subblock,
          nicolae_letter_subblock, nicolae_letter_subblock,
          nicolae_letter_subblock, nicolae_letter_subblock,
          nicolae_letter_subblock, nicolae_letter_subblock,
          nicolae_letter_subblock, nicolae_letter_subblock,
          nicolae_letter_subblock, nicolae_letter_subblock,
          nicolae_letter_subblock, nicolae_letter_subblock,
          nicolae_letter_subblock, nicolae_letter_subblock,
          nicolae_letter_subblock, nicolae_letter_subblock,
          nicolae_letter_subblock, nicolae_letter_subblock,
          nicolae_letter_subblock, nicolae_letter_subblock,
          nicolae_letter_subblock, nicolae_letter_subblock,
          nicolae_letter_subblock, nicolae_letter_subblock], uniq_blork_the_orc
D:6:      layout_cave_pods, nemelex_xobeh_ov_fountains_minmay
D:7:      layout_gridville, temple_statues, gammafunk_ghost_split

Skill      XL: |  1  2  3  4  5  6  7  8 |
---------------+-------------------------+-----
Ranged Weapons | 3 5 7 9 |  9.8
Fighting       | 2 4 6 |  6.1
Armour         | 1 |  1.9
Dodging        | 2 3 |  3.0
Spellcasting   | |  1.0
Hexes          | |  2.6

Action                     |  1- 3 |  4- 6 |  7- 9 || total
---------------------------+-------+-------+-------++-------
   Fire: Sling             |    79 |   143 |   299 ||   521
    Use: Scroll            |     3 |     2 |     7 ||    12
         Potion            |     1 |       |     3 ||     4
 Armour: Robe              |     3 |       |    40 ||    43
         Ring mail         |     6 |    54 |    13 ||    73
         Leather armour    |       |       |    22 ||    22
  Dodge: Dodged            |    27 |    68 |   152 ||   247

Table legend:
 A = Non-vault XP
 B = Vault XP
 C = Vault XP percentage of total XP
 D = Non-vault monster count
 E = Vault monster count
 F = Vault count percentage of total count
                 A         B        C        D         E       F
            +---------+---------+-------+---------+---------+-------
      Total |    1953 |     869 |  30.8 |     111 |       9 |   7.5
            +---------+---------+-------+---------+---------+-------
        D:1 |      49 |       0 |   0.0 |      22 |       0 |   0.0
        D:2 |      73 |      32 |  30.5 |      22 |       1 |   4.3
        D:3 |     102 |     128 |  55.7 |      19 |       1 |   5.0
        D:4 |     164 |     613 |  78.9 |       8 |       6 |  42.9
        D:5 |     397 |      96 |  19.5 |      14 |       1 |   6.7
        D:6 |     865 |       0 |   0.0 |      18 |       0 |   0.0
        D:7 |     303 |       0 |   0.0 |       8 |       0 |   0.0
            +---------+---------+-------+---------+---------+-------
